 Dungeon Crawl Stone Soup version 0.23-a0-358-g98c7a59 (webtiles) character file.

1124 namelastname112 the Chopper (level 8, -3/102 HPs)
             Began as a White Draconian Wanderer on Oct 22, 2018.
             Was an Initiate of Gozag.
             Slain by Edmund
             ... wielding a +0 flail of protection
              (5 damage)
             ... on level 5 of the Dungeon.
             The game lasted 00:07:09 (3968 turns).

namelastname112 the Chopper (DrWn)                  Turns: 3968, Time: 00:07:10

Health: -3/102     AC:  6    Str: 19      XL:     8   Next: 13%
Magic:  8/8        EV: 13    Int: 15      God:    Gozag
Gold:   427        SH:  0    Dex:  8 (11) Spells: 7/7 levels left

rFire    . . .     SeeInvis .   c - +0 hand axe
rCold    + . .     Gourm    .   (no shield)
rNeg     . . .     Faith    .   (armour unavailable)
rPois    .         Spirit   .   (helmet restricted)
rElec    .         Reflect  .   (no cloak)
rCorr    +         Harm     .   (no gloves)
MR       .....                  (no boots)
Stlth    ..........             (no amulet)
HPRegen  0.27/turn              r - ring of resist corrosion
MPRegen  0.11/turn              q - ring of stealth

@: berserking, very quick
A: breathe frost, unfitting armour, cold resistance 1, cold-blooded, AC +6
a: Breathe Frost, Potion Petition, Call Merchant, Bribe Branch, Renounce
Religion


You were on level 5 of the Dungeon.
You worshipped Gozag.
Gozag was aware of your devotion.
You were hungry.

You visited 1 branch of the dungeon, and saw 5 of its levels.

You collected 474 gold pieces.
You paid 47 gold pieces to Gozag.

Inventory:

Hand Weapons
 c - a +0 hand axe (weapon)
 g - a +2 short sword of venom
Jewellery
 q - a ring of stealth (right hand)
 r - a ring of resist corrosion (left hand)
 v - an uncursed ring of wizardry
Wands
 u - a wand of enslavement (3)
 w - a wand of random effects (2)
Scrolls
 a - a scroll of fog {unknown}
 d - 2 scrolls of immolation {unknown}
 e - 3 scrolls of amnesia {unknown}
 h - a scroll of blinking {unknown}
 j - 3 scrolls of teleportation {unknown}
 k - a scroll of magic mapping {unknown}
 m - 2 scrolls of noise {unknown}
 o - 6 scrolls of identify {unknown}
 y - a scroll of enchant weapon {unknown}
Potions
 b - a potion of berserk rage
 l - 3 potions of curing {unknown}
 n - 3 potions of might
 p - a potion of flight {unknown}
 s - a potion of haste {unknown}
 t - a potion of ambrosia
 x - a potion of brilliance
Comestibles
 f - 10 rations


   Skills:
 + Level 5.2 Fighting
 * Level 7.4 Axes
 + Level 4.6 Dodging
 - Level 1.7 Stealth
   Level 2.0 Shields


You had 7 spell levels left.
You didn't know any spells.
Your spell library contained the following spells:

 Spells                   Type           Power        Failure   Level  Hunger
 Animate Skeleton         Necr           N/A          26%         1    ##.....
 Apportation              Tloc           #.....       26%         1    ##.....
 Confusing Touch          Hex            #.....       26%         1    ##.....
 Summon Small Mammal      Summ           #...         26%         1    ##.....


Dungeon Overview and Level Annotations

Branches:
Dungeon (5/15)
 Temple: D:4-7

Altars:
Ashenzari
Gozag
Wu Jian
Xom

Annotations:
D:5 Edmund


Innate Abilities, Weirdness & Mutations

You can breathe waves of freezing cold.
You can buffet flying creatures when you breathe cold.
Your icy white scales are hard. (AC +6)
You cannot fit into any form of body armour.
Your flesh is cold resistant. (rC+)
You are cold-blooded and may be slowed by cold attacks.


Message History

Edmund is moderately wounded.
Edmund barely misses you.
You slash Edmund!
Your tail-slap misses Edmund.
Edmund is heavily wounded.
Edmund hits you with a +0 flail of protection!
* * * LOW HITPOINT WARNING * * *
You take 7 damage, and have 1/102 hp.
You closely miss Edmund. You tail-slap Edmund, but do no damage.
Edmund is heavily wounded.
You barely miss Edmund.
Your tail-slap misses Edmund.
Edmund is heavily wounded.
Edmund barely misses you.
You completely miss Edmund.
Edmund is heavily wounded.
You slash Edmund! You tail-slap Edmund.
Edmund is severely wounded.
Edmund says, "Everyone always remembers my brother. 'Who's Edmund?' they ask!"
Edmund hits you with a +0 flail of protection.
You die...
Your body crumbles into a pile of gold.

#.# ## #.# ..# #.#
#.# #.# #.# #.# #.#
########.# #.#
#........#
######.####.########
#...@@{.........#
#.####.####)###.#
#.# #.# #)# #.# #.#
#.# #.###.#####
...####.####.#
#.<........
#.......$....#
#..##......
##.####.######
#..######## #..@..#
#..# #.....# #..#


You could see Edmund.

Vanquished Creatures
  Grinder (D:4)
  Sigmund (D:5)
  The ghost of patman the Twirler, an amateur BaGl of Cheibriados (D:3)
  A water moccasin (D:3)
  A scorpion (D:2)
  A quasit (D:5)
  An orc priest (D:3)
  A hound (D:4)
  Ijyb (D:4)
  4 orc wizards
  3 worker ants
  9 adders
  An adder skeleton (D:5)
  5 worms
  A dart slug (D:1)
  4 leopard geckos
  11 orcs
  4 giant cockroaches
  7 goblins
  6 hobgoblins
  5 jackals (D:2)
  A quokka (D:5)
  7 bats
  2 frilled lizards
  8 kobolds
  A leopard gecko skeleton (D:4)
  A quokka skeleton (D:4)
  6 rats
95 creatures vanquished.

Notes
Turn   | Place    | Note
-------+----------+-------------------------------------------
     0 | D:1      | namelastname112 the Draconian Wanderer began the quest for
                  | the Orb.
     0 | D:1      | namelastname112 set off with: a +2 dagger, a potion of
                  | berserk rage, a +0 hand axe, a potion of lignification, a
                  | ration
     0 | D:1      | Reached XP level 1. HP: 16/16 MP: 1/1
   273 | D:1      | Reached XP level 2. HP: 23/23 MP: 2/2
   401 | D:1      | Found a shattered altar of Ashenzari.
   681 | D:2      | Found a shimmering altar of Xom.
   705 | D:2      | Reached XP level 3. HP: 28/29 MP: 3/3
  1156 | D:2      | Reached skill level 4 in Axes
  1315 | D:2      | Reached XP level 4. HP: 35/36 MP: 4/4
  1327 | D:2      | Found a shattered altar of Ashenzari.
  1600 | D:3      | Found an ornate altar of the Wu Jian Council.
  1856 | D:3      | Reached XP level 5. HP: 44/44 MP: 5/5
  1894 | D:3      | Found a runed gate.
  1895 | D:3      | Found a runed gate.
  1896 | D:3      | Found an opulent altar of Gozag.
  1899 | D:3      | Found a runed gate.
  1899 | D:3      | Noticed a water moccasin
  1899 | D:3      | Noticed patman's ghost (amateur BaGl)
  2193 | D:3      | Killed a water moccasin
  2193 | D:3      | Reached skill level 5 in Axes
  2193 | D:3      | Reached XP level 6. HP: 51/51 MP: 6/6
  2199 | D:3      | Killed patman's ghost
  2206 | D:3      | Became a worshipper of Gozag Ym Sagoz the Greedy
  2564 | D:4      | Reached skill level 6 in Axes
  2574 | D:4      | Noticed Grinder
  2672 | D:4      | Paralysed by Grinder for 6 turns
  2684 | D:4      | Paralysed by Grinder for 5 turns
  2694 | D:4      | Killed Grinder
  2694 | D:4      | Your scales start taking on an icy white colour.
  2694 | D:4      | Reached XP level 7. HP: 60/60 MP: 7/7
  2694 | D:4      | Gained mutation: Your flesh is cold resistant. (rC+) [White
                  | Draconian growth]
  3097 | D:4      | Noticed Ijyb
  3131 | D:4      | Killed Ijyb
  3386 | D:5      | Entered Level 5 of the Dungeon
  3473 | D:5      | Reached skill level 7 in Axes
  3886 | D:5      | Noticed Sigmund
  3921 | D:5      | Killed Sigmund
  3921 | D:5      | Reached skill level 5 in Fighting
  3921 | D:5      | Reached XP level 8. HP: 36/68 MP: 8/8
  3947 | D:5      | Noticed Edmund
  3964 | D:5      | HP: 1/102 [Edmund/+0 flail of protection (7)]
  3968 | D:5      | Slain by Edmund

Vault maps used:
D:1:      minmay_arrival_five_plusses, chequers_mini_garden, ashenzari_altar_1
D:2:      lemuel_doored_altar, lemuel_coloured_pillars_altar, first_ration
D:3:      lemuel_crystal_altar, ebering_ghost_gozag, feat_on_display
D:4:      uniq_grinder, uniq_ijyb
D:5:      portal_sewer_entry_f, wad_floor_pattern_2, uniq_edmund, uniq_sigmund

Skill      XL: |  1  2  3  4  5  6  7 |
---------------+----------------------+-----
Dodging        | 2 3 4 |  4.6
Fighting       | 2 3 4 5 |  5.2
Axes           | 4 5 6 7 |  7.4
Stealth        | |  1.7
Shields        | |  2.0

Action                   |  1- 3 |  4- 6 |  7- 9 || total
-------------------------+-------+-------+-------++-------
Melee: Hand axe          |    77 |    42 |   174 ||   293
       Tailslap          |     3 |     8 |    14 ||    25
       Short sword       |    46 |    59 |       ||   105
       Unarmed           |       |    15 |       ||    15
 Abil: Breathe Frost     |       |       |     2 ||     2
Evoke: Wand              |       |       |    12 ||    12
  Use: Potion            |     5 |     2 |     6 ||    13
 Stab: Sleeping          |     1 |     4 |     4 ||     9
       Confused          |       |       |     2 ||     2
  Eat: Chunk             |     1 |     2 |       ||     3
       Ration            |       |     1 |     1 ||     2
Armor: Skin              |    45 |    46 |    89 ||   180
Dodge: Dodged            |   122 |    84 |   158 ||   364

Table legend:
 A = Non-vault XP
 B = Vault XP
 C = Vault XP percentage of total XP
 D = Non-vault monster count
 E = Vault monster count
 F = Vault count percentage of total count
                 A         B        C        D         E       F
            +---------+---------+-------+---------+---------+-------
      Total |     714 |     892 |  55.5 |      88 |       7 |   7.4
            +---------+---------+-------+---------+---------+-------
        D:1 |      26 |       0 |   0.0 |      14 |       0 |   0.0
        D:2 |     156 |       0 |   0.0 |      26 |       0 |   0.0
        D:3 |     107 |     343 |  76.2 |      20 |       4 |  16.7
        D:4 |     223 |     326 |  59.4 |      16 |       2 |  11.1
        D:5 |     202 |     223 |  52.5 |      12 |       1 |   7.7
            +---------+---------+-------+---------+---------+-------
